 Dungeon Crawl Stone Soup version 0.30-a0-802-gb92711bcdf (webtiles) character file.

Game seed: 5054056755061401127

6 Newt the Ducker (level 1, 0/16 HPs)
             Began as a Demonspawn Gladiator on Feb 24, 2023.
             Succumbed to a goblin's poison
             ... on level 2 of the Dungeon.
             The game lasted 00:00:16 (82 turns).

Newt the Ducker (Demonspawn Gladiator)                Turns: 82, Time: 00:00:16

Health: 0/16       AC:  4    Str: 14    XL:     1   Next: 75%
Magic:  1/1        EV: 12    Int:  9    God:
Gold:   28         SH:  0    Dex: 14    Spells: 0/0 levels left

rFire   . . .      SeeInvis .    a - +0 rapier
rCold   . . .      Faith    .    (no shield)
rNeg    . . .      Spirit   .    b - +0 leather armour
rPois   .          Reflect  .    c - +0 helmet
rElec   .          Harm     .    (no cloak)
rCorr   .          Rampage  .    (no gloves)
Will    .....                    (no boots)
Stlth   ++                       (no amulet)
HPRegen 0.22/turn                (no ring)
MPRegen 0.07/turn                (no ring)

@: lethally poisoned (0 -> -2)
A: no striking features
a: no special abilities


You were on level 2 of the Dungeon.
You visited 1 branch of the dungeon, and saw 2 of its levels.

You collected 28 gold pieces.

Inventory:

Hand Weapons
 a - a +0 rapier (weapon)
 f - a +4 dagger of venom
Missiles
 d - 3 throwing nets (quivered)
 e - a javelin
Armour
 b - a +0 leather armour (worn)
 c - a +0 helmet (worn)


   Skills:
 - Level 2.0 Fighting
 - Level 2.6 Short Blades
 - Level 1.7 Throwing
 - Level 2.6 Dodging
 + Level 1.4 Stealth


You couldn't memorise any spells.
You didn't know any spells.
Your spell library was empty.

Dungeon Overview and Level Annotations

Branches:
Dungeon (2/15)

Altars:


Message History

A goblin comes into view. It is wielding a +4 dagger of venom.
Found an escape hatch in the floor.
You see here 5 gold pieces.
The goblin hits you with a +4 dagger of venom.
You are lethally poisoned!
You puncture the goblin!
You kill the goblin!
You feel very sick.
You are too injured to fight recklessly!
You are too injured to fight recklessly!
You are too injured to fight recklessly!
You are too injured to fight recklessly!
You are too injured to fight recklessly!
You are too injured to fight recklessly!
There is a lethal amount of poison in your body!
Unknown command.
You feel very sick.
You see here a +4 dagger of venom.
f - a +4 dagger of venom You feel sick.
* * * LOW HITPOINT WARNING * * *
You feel sick.
You aren't carrying any potions.
You aren't carrying any potions.
You aren't carrying any potions.
There is a lethal amount of poison in your body!
There is a lethal amount of poison in your body!
There is a lethal amount of poison in your body!
There is a lethal amount of poison in your body!
There is a lethal amount of poison in your body!
* * * LOW HITPOINT WARNING * * *
You feel sick.
There is an escape hatch in the floor here.
* * * LOW HITPOINT WARNING * * *
You feel sick.
You slide downwards.
The hatch slams shut behind you.
* * * LOW HITPOINT WARNING * * *
You feel sick.
Found a stone staircase leading up.
You die...

r..
#.#
#.#
#.#
#..
#.#
#.#
#.#
#@#
#.#
#.#
#..
###


There were no monsters in sight!

Vanquished Creatures
  An endoplasm (D:1)
  A goblin (D:1)
  A quokka (D:1)
  A ball python (D:1)
  A bat (D:1)
  A rat (D:1)
6 creatures vanquished.

Notes
Turn   | Place    | Note
-------+----------+-------------------------------------------
     0 | D:1      | Newt the Demonspawn Gladiator began the quest for the Orb.
     0 | D:1      | Reached XP level 1. HP: 16/16 MP: 1/1
    30 | D:1      | Reached skill level 1 in Stealth
    82 | D:2      | Succumbed to a goblin's poison

Illustrated notes

Levels and vault maps discovered:
D:1:      eino_arrival_tree_alley, layout_basic, st_stairs_11
D:2:      layout_loops_ring

Skill      XL: |  1 |
---------------+----+-----
Stealth        | 1 |  1.4
Fighting       | |  2.0
Short Blades   | |  2.6
Throwing       | |  1.7
Dodging        | |  2.6

Action                     || total
---------------------------++-------
  Melee: Rapier            ||    15
 Armour: Leather armour    ||     4
  Dodge: Dodged            ||    13

Table legend: (Time is in decaauts)
 A = Elapsed time spent in this place.
 B = Non-inter-level travel time spent in this place.
 C = Inter-level travel time spent in this place.
 D = Time resting spent in this place.
 E = Time spent auto-exploring this place.
 F = Levels seen in this place.
 G = Mean time per level.
                   A        B        C        D        E       F      G
               +--------+--------+--------+--------+--------+-----+--------+
         Total |     82 |     82 |      0 |      0 |     40 |   2 |   41.0 |
       Dungeon |     82 |     82 |      0 |      0 |     40 |   2 |   41.0 |
               +--------+--------+--------+--------+--------+-----+--------+

Top non-repeatable levels by time:
     D:1: 82 daAuts
     D:2: 0 daAuts
